 Dungeon Crawl Stone Soup version 0.30.1-9-gdf580d7c3d (webtiles) character file.

Game seed: 5121325210565357192

2462 eliilek the Basher (level 9, 0/79 HPs)
             Began as a Minotaur Fighter on Sept 28, 2023.
             Was a Follower of Makhleb.
             Slain by a vampire
             ... wielding a +2 vampiric halberd
              (10 damage)
             ... in a bailey.
             The game lasted 00:18:24 (6288 turns).

eliilek the Basher (Minotaur Fighter)               Turns: 6288, Time: 00:18:24

Health: 0/79       AC: 12    Str: 23    XL:     9   Next: 26%
Magic:  8/8        EV: 16    Int:  5    God:    Makhleb [*.....]
Gold:   402        SH:  5    Dex: 12    Spells: 8/8 levels left

rFire   + . .        z - +3 flail
rCold   . . .        c - +0 buckler
rNeg    . . .        G - +1 scale mail {rF+}
rPois   .            (helmet restricted)
rElec   .            B - +1 cloak
rCorr   .            (no gloves)
SInv    .            h - +0 pair of boots
Will    .....        E - amulet of faith Stlth
                     g - +5 ring of evasion
HPRegen 0.33/turn    (no ring)
MPRegen 0.11/turn

%: faith
@: no status effects
A: horns 2, retaliatory headbutt
a: Renounce Religion


You were in a bailey.
You worshipped Makhleb.
Makhleb was aware of your devotion.
You visited 1 branch of the dungeon, and saw 7 of its levels.
You also visited: Sewer and Bailey.

You collected 402 gold pieces.

Inventory:

Hand Weapons
 z - a +3 flail (weapon)
Missiles
 n - a throwing net (quivered)
 o - 23 poisoned darts
 w - a curare-tipped dart
Armour
 c - a +0 buckler (worn)
 h - a +0 pair of boots (worn)
 B - a +1 cloak (worn)
 G - a +1 scale mail of fire resistance (worn)
Jewellery
 g - a +5 ring of evasion (left hand)
 E - an amulet of faith (around neck)
Wands
 F - a wand of charming (10)
Scrolls
 b - 4 scrolls of fog {unknown}
 e - 2 scrolls of magic mapping
 f - 6 scrolls of teleportation
 i - 2 scrolls of immolation {unknown}
 k - 12 scrolls of identify
 m - 3 scrolls of fear {unknown}
 q - 2 scrolls of amnesia {unknown}
 r - a scroll of blinking {unknown}
 v - a scroll of enchant armour {unknown}
 y - 4 scrolls of enchant weapon {unknown}
 A - a scroll of vulnerability {unknown}
 C - a scroll of summoning {unknown}
Potions
 a - a potion of berserk rage {unknown}
 d - 3 potions of might
 j - 4 potions of curing
 l - 2 potions of cancellation {unknown}
 p - a potion of flight {unknown}
 s - 3 potions of haste {unknown}
 u - 2 potions of invisibility {unknown}
 x - 3 potions of heal wounds {unknown}
 D - a potion of degeneration {unknown}


   Skills:
 + Level 7.4 Fighting
 * Level 9.5 Maces & Flails
 + Level 7.4 Armour
 + Level 3.8 Dodging
 - Level 7.0 Shields


You had 8 spell levels left.
You didn't know any spells.
Your spell library contained the following spells:

 Spells                   Type           Power      Damage    Failure   Level
 Beastly Appendage        Tmut           0%         N/A       82%         1
 Wereblood                Tmut           0%         N/A       91%         2
 Call Canine Familiar     Summ           0%         N/A       99%         3
 Portal Projectile        Hex/Tloc       0%         N/A       99%         3
 Spider Form              Tmut/Pois      0%         N/A       99%         3
 Leda's Liquefaction      Hex/Erth       0%         N/A       100%        4


Dungeon Overview and Level Annotations

Branches:
Dungeon (7/15)             Temple (0/1) D:4           Sewer (visited)
 Bailey (1/1)

Altars:
Gozag
Makhleb
Nemelex Xobeh
Okawaru
Yredelemnul
Zin
The Shining One


Innate Abilities, Weirdness & Mutations

You have a pair of horns on your head.
You reflexively headbutt those who attack you in melee.


Message History

HP restored.
You see here a +0 flail.
You see here a +0 flail.
You open the large door.
There is a large open door here.
A vampire comes into view. It is wielding a +2 vampiric halberd.
The vampire casts a spell.
The vampire flickers and vanishes!
Deactivating autopickup; reactivate with Ctrl-A.
Found a glowing short sword and a pair of jewelled gloves.
Something hits you! Something barely misses you.
You sock something! You hit something. Your headbutt misses something.
Something hits you but does no damage. Something bites you.
Something draws strength from your injuries!
You hit something. Your headbutt misses something.
You block something's attack. Something bites you but does no damage.
You closely miss something. Something draws life force from you!
You barely miss something. You headbutt something!
Something draws life force from you!
You hit something. You block something's attack. x2
You hit something but do no damage. You headbutt something. Something hits you!
* * * LOW HITPOINT WARNING * * *
Something barely misses you.
You closely miss something. You headbutt something.
You block something's attack. Something bites you but does no damage.
You barely miss something. Something hits you but does no damage.
Something bites you but does no damage.
You closely miss something. Something barely misses you.
Something bites you but does no damage.
You barely miss something. You headbutt something. Something hits you!
* * * LOW HITPOINT WARNING * * *
You block something's attack.
It was a potion of curing.
You feel better. Something hits you but does no damage. Something bites you!
* * * LOW HITPOINT WARNING * * *
Something draws strength from your injuries!
You hit something but do no damage. You headbutt something.
You block something's attack. Something bites you!
You die...

###### ##.!!8##
##[){@!!##
#8..##..8# #..
##..# #..#
##..##########
#...##...#.......8#
#......##.......8#
##....##...#######
###''##..)##....8#
#.........#......#


There were no monsters in sight!

Vanquished Creatures
  A gargoyle (Bailey)
  A water moccasin (D:6)
  A black bear (D:6)
  An ogre (D:5)
  A centaur (D:6)
  3 kobold brigands (Sewer)
  5 phantoms
  2 scorpions
  A gnoll sergeant (D:6)
  4 wights (D:5)
  A howler monkey (D:6)
  A hound (D:5)
  Crazy Yiuf (D:5)
  5 orc priests
  A sleepcap (D:5)
  3 iguanas
  3 orc wizards (D:4)
  12 gnolls
  11 adders
  A river rat (Sewer)
  A white imp (D:6)
  2 ufetubi
  A worm (D:2)
  A dart slug (D:1)
  23 orcs
  6 endoplasms
  4 giant cockroaches
  4 goblins
  8 hobgoblins
  9 jackals
  14 kobolds
  5 quokkas
  19 ball pythons
  6 bats
  9 frilled lizards
  5 orc zombies (Bailey)
  8 rats
184 creatures vanquished.

Notes
Turn   | Place    | Note
-------+----------+-------------------------------------------
     0 | D:1      | eliilek the Minotaur Fighter began the quest for the Orb.
     0 | D:1      | Reached XP level 1. HP: 19/19 MP: 0/0
   256 | D:1      | Reached XP level 2. HP: 25/27 MP: 1/1
   276 | D:1      | Reached skill level 3 in Maces & Flails
   419 | D:1      | Reached XP level 3. HP: 33/33 MP: 2/2
  1282 | D:2      | Reached XP level 4. HP: 40/40 MP: 3/3
  1719 | D:3      | Found an iron altar of Okawaru.
  1720 | D:3      | Found a glowing silver altar of Zin.
  1929 | D:3      | Noticed a phantom
  1945 | D:3      | Killed a phantom
  1946 | D:3      | Reached skill level 4 in Maces & Flails
  1946 | D:3      | Reached skill level 5 in Shields
  1946 | D:3      | Reached XP level 5. HP: 43/47 MP: 4/4
  2143 | D:3      | Found a basalt altar of Yredelemnul.
  2146 | D:3      | Noticed a profane servitor
  2185 | D:3      | Found a burning altar of Makhleb.
  2185 | D:3      | Found a sparkling altar of Nemelex Xobeh.
  2211 | D:3      | Found a glowing golden altar of the Shining One.
  2213 | D:3      | Noticed an angel
  2503 | D:4      | Found a glowing drain.
  2533 | Sewer    | Entered a sewer
  2610 | Sewer    | Reached XP level 6. HP: 49/53 MP: 5/5
  2625 | Sewer    | Reached skill level 5 in Maces & Flails
  2793 | Sewer    | Reached skill level 5 in Armour
  2873 | Sewer    | Reached skill level 5 in Fighting
  2981 | Sewer    | Reached XP level 7. HP: 61/61 MP: 6/6
  3309 | D:4      | Found a staircase to the Ecumenical Temple.
  3959 | D:4      | Reached skill level 6 in Maces & Flails
  4444 | D:3      | Found an opulent altar of Gozag.
  4455 | D:3      | Became a worshipper of Makhleb the Destroyer
  4506 | D:5      | Entered Level 5 of the Dungeon
  4596 | D:5      | Reached skill level 7 in Maces & Flails
  4596 | D:5      | Reached XP level 8. HP: 70/70 MP: 7/7
  4694 | D:5      | Reached skill level 1 in Dodging
  4934 | D:5      | Found a runed translucent door.
  4935 | D:5      | Noticed Crazy Yiuf
  4941 | D:5      | Killed Crazy Yiuf
  4942 | D:5      | Reached skill level 8 in Maces & Flails
  5042 | D:6      | Reached * piety under Makhleb
  5356 | D:6      | Reached skill level 9 in Maces & Flails
  5356 | D:6      | Reached XP level 9. HP: 79/79 MP: 8/8
  6111 | D:7      | Found a flagged portal.
  6120 | Bailey   | Entered a bailey
  6184 | Bailey   | Noticed a gargoyle
  6194 | Bailey   | Killed a gargoyle
  6288 | Bailey   | Slain by a vampire

Illustrated notes

Levels and vault maps discovered:
D:1:      nagdon_arrival_zigzag_paths, layout_basic
D:2:      layout_loops_ring, minivault_19, kennysheep_generic_room_7
D:3:      layout_basic, grunt_temple_overflow_holy_war,
          nicolae_overflow_hidden_temple, minivault_4, guppyfry_early_lair_pool
D:4:      layout_basic, minmay_temple_entry_slanted, gup_sewer_entry_glass
D:5:      layout_gridville, uniq_crazy_yiuf_cottage
D:6:      layout_layer_cave, kennysheep_generic_room_2
D:7:      layout_basic, enter_bailey_8, nicolae_nh_oracle_at_delphi
Bailey:   bailey_polearm_vampire_castle_hellmonk, bailey

Skill      XL: |  1  2  3  4  5  6  7  8 |
---------------+-------------------------+-----
Shields        | 4 5 6 7 |  7.0
Maces & Flails | 3 4 5 7 9 |  9.5
Fighting       | 4 5 7 |  7.4
Armour         | 4 5 7 |  7.4
Dodging        | 3 |  3.8

Action                     |  1- 3 |  4- 6 |  7- 9 || total
---------------------------+-------+-------+-------++-------
  Melee: Flail             |    96 |   157 |   265 ||   518
         Headbutt          |    11 |    13 |    57 ||    81
    Use: Scroll            |       |     3 |     1 ||     4
         Potion            |       |       |     1 ||     1
 Armour: Scale mail        |    29 |     5 |     9 ||    43
         Chain mail        |       |    53 |    91 ||   144
  Dodge: Dodged            |    63 |   129 |   149 ||   341
  Block: Buckler           |    25 |    51 |    64 ||   140
